[Event "35th Roquetas Festival 2024"]
[Site "Roquetas de Mar"]
[Date "2024.01.02"]
[Round "1.1"]
[White "Grigoryan, Karen H."]
[Black "Torres Rebolledo, Alvaro"]
[Result "1-0"]
[ECO "B10"]
[WhiteElo "2643"]
[BlackElo "2076"]
[Annotator "TA"]
[PlyCount "187"]
[EventDate "2024.01.02"]
[EventType "swiss"]
[EventCountry "ESP"]
[SourceTitle "playchess.com"]
[Source "ChessBase"]
[SourceQuality "1"]
[TimeControl "5400+30"]

1. e4 c6 2. Ne2 d5 3. e5 Bf5 4. Ng3 Bg6 5. h4 h5 6. e6 {[%emt 0:00:11] B10: Caro-Kann: 2 d3 and 2 c4.} Nf6 7. d4 Qd6 8. exf7+ {[%emt 0:00:10] The position is equal.} Bxf7 9. Nd2 {[%emt 0:00:32] [#]} Nbd7 $146 ({Predecessor:} 9... e5 10. dxe5 Qxe5+ 11. Be2 Nbd7 12. Nf3 Qc7 13. O-O Bd6 14. Nf5 O-O-O 15. c3 Ng4 16. Nxd6+ Qxd6 {1-0 Erzhanov,A (2229)-Cagara,P (2045) Titled Tuesday intern op 23rd Nov blitz 2021 (6)}) 10. Nf3 Bg6 (10... e5 $11) 11. Bd3 $16 Ng4 (11... Ne4 $142) 12. Bxg6+ (12. Bf4 $16 Qf6 13. Bxg6+ Qxg6 14. O-O) 12... Qxg6 $11 13. O-O O-O-O (13... e5 $5 ) 14. Bg5 Ndf6 (14... Re8 $1 $11) 15. c4 Ne4 (15... dxc4 $16 {was worth a try.} 16. Rc1 (16. Qa4 Kb8 $14) 16... e6) 16. Rc1 (16. Qb1 $18) 16... Nxg5 $16 17. Nxg5 e5 (17... e6 $16) 18. dxe5 $2 ({White must play} 18. Qf3 $1 $18 exd4 19. Nf7 (19. cxd5 Ne5 $16)) 18... Bc5 $2 (18... Be7 $1 $11 {and Black is okay.}) 19. cxd5 Rxd5 {[%emt 0:01:21] [#]} 20. Qxd5 cxd5 21. Rxc5+ Kb8 22. Rxd5 Re8 23. e6 a6 24. Rfd1 Rxe6 (24... Qf6 $16 {keeps fighting.} 25. R5d2 (25. Nxh5 $2 {is the wrong capture.} Qxf2+ 26. Kh1 Qxh4+ 27. Nh3 Nf2+ 28. Kh2 Nxd1 $19) 25... Qf4) 25. Nxe6 $18 Qxe6 26. Rxh5 Qxa2 27. Rg5 Qa4 28. Rf1 ({But not} 28. Rd8+ $6 Ka7) 28... Nh6 29. Rxg7 ({White should play} 29. b4 $1 $18) 29... Qxh4 $16 30. Rh7 {[%emt 0:03:02] And now Nf5 would win.} Qf4 {[%emt 0:00:37] [#] Prevents Nf5.} 31. Ne4 Qxe4 $14 32. Rxh6 {[%emt 0:00:07][%mdl 4096] Endgame Threatens to win with Rh3. KQ-KRR} Qd4 $2 (32... Qb4 $1 $14) 33. b3 $18 Qc3 34. Rh3 $1 {[%emt 0:00:07] Prevents Qxb3} Qd4 35. Re1 Ka7 36. Rhe3 a5 37. Re4 Qc3 38. R1e3 Qa1+ 39. Kh2 $1 Qh8+ 40. Rh3 Qf6 41. f4 Qf5 42. Rd4 (42. Rhe3 $1 $18) 42... Ka6 {[%emt 0:00:59] [#]} 43. Rhd3 $1 Qg4 44. Rd1 Qh4+ 45. Kg1 Qg4 46. b4 ({White should try} 46. R1d3 $18) 46... axb4 (46... a4 $1 $14) 47. Rb1 Qf5 48. Rdxb4 b5 49. g3 (49. R1b3 $16) 49... Qc5+ $1 $11 50. Kf1 Qd5 51. R1b3 Qh1+ 52. Kf2 Qh2+ 53. Kf3 {[%emt 0:00:06] aiming for f5.} (53. Kf1 $5 Qh1+ $8 54. Kf2 Qh2+ 55. Ke3 $11) 53... Qh5+ 54. Ke3 {[%emt 0:00:35] Black must now prevent Rxb5.} Qh3 55. Kd4 Qd7+ 56. Kc3 Qc6+ {[%emt 0:00:46] [#]} (56... Qh3 $11 {remains equal.}) 57. Kb2 ({Better is} 57. Kd3 $1 $16 {Rxb5 would be deadly.} Qd5+ 58. Ke3) 57... Qg2+ $1 58. Ka1 Qg1+ 59. Ka2 Qd1 $2 (59... Qg2+ $11 60. Rb2 (60. Ka3 Qg1 $11) 60... Qxg3) 60. Rxb5 $18 Qc2+ 61. Ka3 Qc1+ 62. Kb4 Qe1+ 63. Kc5 Qe7+ 64. Kd4 Qg7+ 65. Ke4 Qe7+ 66. Kf3 Qe1 67. Rb6+ Ka7 68. f5 $2 (68. R6b4 {mates} Qf1+ 69. Ke4 Qe2+ 70. Kd5 Qh5+ 71. Kd4 Qa5 72. Rb7+ Ka6 73. R3b6+ Qxb6+ 74. Rxb6+ Kxb6 75. Kd5) 68... Qf1+ 69. Kg4 Qc4+ 70. Kg5 Qg8+ 71. Kf4 Qc4+ 72. Ke5 Qc5+ 73. Kf6 Qf8+ $1 74. Kg5 Qg8+ 75. Kh4 {[%emt 0:00:09] Intending Rb7+ and mate.} Qh8+ 76. Kg4 Qg8+ 77. Kf4 Qc4+ 78. Ke3 $1 {[%emt 0:00:00] R6b4 would kill now.} Qc5+ $1 79. Kd2 Qd4+ 80. Kc1 Qc4+ 81. Kb1 Qe4+ $1 82. Ka2 Qc2+ (82... Qxf5 $11 83. R6b4 Qc2+ 84. Ka3 Qc1+ 85. Ka2 Qc2+ 86. Ka3 Qc1+ 87. Ka2 Qc2+) 83. Ka3 $16 {[%emt 0:00:08] White wants to mate with R6b4.} Qc1+ 84. Ka4 {[%emt 0:00:12] White threatens Rb7+ and mate.} Qc4+ $2 (84... Qd1 $16 85. R6b5 Qd4+ 86. R5b4 Qa1+ 87. Kb5 Kb7 88. Kc5+ Kc7 89. Rb7+ Kd8) 85. Ka5 $18 {[%emt 0:00:24] Threatening mate with Rb7+.} Qc5+ (85... Qd5+ $18 86. R6b5 Qd2+ 87. Ka4 Qd4+ 88. R5b4 Qa1+ 89. Kb5 Kb7 90. Kc5+ Kc7 91. Rb7+ Kd8) 86. R6b5 Qc7+ 87. Kb4 Qd6+ 88. Kc4 Qc6+ 89. Kd4 Qd7+ 90. Ke3 Ka6 91. Rb6+ Ka5 92. f6 (92. Rb7 $142 Qe8+ 93. Kf2 Ka4 94. Rb1 Qe5 95. Ra7+ Qa5 96. Rxa5+ Kxa5 97. f6) 92... Qd1 93. R3b5+ Ka4 94. Rb1 {[%emt 0:00:04] Repels Qc1+.   Weighted Error Value: White=0.25 (precise) /Black=0.30} 1-0

[Event "35th Roquetas Festival 2024"]
[Site "Roquetas de Mar"]
[Date "2024.01.02"]
[Round "1.2"]
[White "Juan Lepp, Jaime Boris"]
[Black "Peng, Li Min"]
[Result "0-1"]
[ECO "B06"]
[WhiteElo "2075"]
[BlackElo "2575"]
[Annotator "TA"]
[PlyCount "84"]
[EventDate "2024.01.02"]
[EventType "swiss"]
[EventCountry "ESP"]
[SourceTitle "playchess.com"]
[Source "ChessBase"]
[SourceQuality "1"]
[TimeControl "5400+30"]

1. e4 g6 2. d4 Bg7 3. Nc3 d6 4. Be3 a6 5. Nf3 b5 6. Bd3 Nd7 {B06: Modern Defence.} 7. O-O c5 8. a4 b4 {And now ...cxd4 would win. The position is equal.} 9. Ne2 Qc7 {[#]} 10. c3 $146 ({Predecessor:} 10. c4 Bb7 11. Qd2 Ngf6 12. Ng3 Ng4 13. Rad1 a5 14. b3 O-O-O 15. Bg5 f6 16. Be3 {1-0 Huang,A (2152)-Treger,E (2176) Washington Congress 3rd 2016 (7)}) 10... c4 (10... bxc3 $14 {was preferrable.} 11. bxc3 (11. Nxc3 Ngf6 $14) 11... c4) 11. Bb1 $16 b3 12. Nd2 a5 {[#]} 13. f4 (13. d5 $1 $16) 13... Ngf6 $11 14. Ng3 Bb7 15. Qe2 Rc8 16. e5 Nd5 17. Nde4 O-O 18. e6 fxe6 {White must now prevent ...Bh6.} 19. Ng5 Rf6 $36 {[%mdl 2048] Black has good play.} 20. N3e4 Nf8 21. Nxf6+ (21. Bd2 $15) 21... exf6 $17 22. Nf3 f5 {[%mdl 1024] Black has strong compensation.} 23. Bd2 Re8 24. Re1 Nb6 {Black has more active pieces.} 25. h4 (25. h3 $17) 25... Bd5 ({Black should play} 25... Nd5 $19 26. h5 Nf6 27. hxg6 hxg6) 26. h5 Qc6 27. Nh4 Bf6 28. Qf2 (28. Nf3 $17 {was necessary.}) 28... Nxa4 29. hxg6 (29. Bc1 $142) 29... Nxg6 $19 (29... Nxb2 30. gxh7+ Kxh7 31. Rxa5 $11) ({Inferior is} 29... hxg6 30. Bc1 $17) 30. Nxg6 hxg6 {White is weak on the light squares} 31. g4 $2 (31. Re2) 31... Kf7 {Threatens to win with ...Rh8.} 32. g5 {[#]} Rh8 $1 33. Qg3 Bd8 34. Bc1 Qb5 35. Kf2 Bc6 36. Ke3 Qd5 37. Re2 {[#]} e5 $1 38. Rh2 (38. Rxa4 exd4+) 38... exd4+ (38... exf4+ $142 39. Qxf4 Bxg5 40. Ke2 Bxf4 41. Bxf4 Rxh2+ {[%mdl 64] Remove Defender} 42. Bxh2 Qg2+ {[%mdl 64] Skewer, Double Attack} 43. Ke3 Qf3+ 44. Kd2 Qf2+ {[%mdl 64] Skewer, Double Attack} 45. Kd1 Bf3+ 46. Kc1 Qxb2#) 39. Kf2 Rxh2+ 40. Qxh2 d3 41. Bd2 Bb6+ 42. Ke1 Qe4+ {Artfully played by Peng.   Weighted Error Value: White=0.90/Black=0.33} 0-1

[Event "35th Roquetas Festival 2024"]
[Site "Roquetas de Mar"]
[Date "2024.01.02"]
[Round "1.3"]
[White "Bernadskiy, Vitaliy"]
[Black "Fernandez, Maria Florencia"]
[Result "1-0"]
[ECO "B77"]
[WhiteElo "2566"]
[BlackElo "2074"]
[Annotator "TA"]
[PlyCount "75"]
[EventDate "2024.01.02"]
[EventType "swiss"]
[EventCountry "ESP"]
[SourceTitle "playchess.com"]
[Source "ChessBase"]
[SourceQuality "1"]
[TimeControl "5400+30"]

1. e4 c5 2. Nf3 d6 3. d4 cxd4 4. Nxd4 Nf6 5. Nc3 g6 6. Be3 Bg7 7. f3 O-O 8. Qd2 Nc6 9. Bc4 Bd7 10. h4 Na5 {[%emt 0:02:29] B77: Sicilian Dragon: Yugoslav Attack, 9 Bc4 sidelines.} 11. Be2 Rc8 (11... Nh5 $16) 12. g4 Nc4 (12... h5 $1 $11) 13. Bxc4 $16 Rxc4 14. h5 (14. Qd3 $5 Qc8 15. h5 $14) 14... Qa5 {[%emt 0:10:27] [#]} (14... b5 $1 $14) 15. Nb3 (15. O-O-O $1 $16) 15... Qc7 (15... Qe5 $14) 16. O-O-O (16. Bxa7 $2 b6 17. h6 Bh8 $19) (16. h6 Bh8 $11) 16... Rc8 17. hxg6 (17. Bxa7 $2 b6 18. h6 Bh8 $19) 17... hxg6 {[%emt 0:12:13] [#]} (17... fxg6 $16 {might work better.} 18. Kb1 Be8) 18. e5 $1 $18 {[%emt 0:02:21] [#]} Nxg4 $146 (18... dxe5 19. g5 (19. Bxa7 b6 $17) 19... Ng4 20. fxg4 Bxg4 21. Rdf1 $16) ({Predecessor:} 18... Ne8 19. exd6 Nxd6 20. Bd4 Rxd4 21. Nxd4 Qa5 22. Kb1 Nc4 23. Qe1 Nxb2 24. Nb3 Qc7 25. Rc1 Qxc3 26. Qxc3 Bxc3 27. Rh2 Nc4 28. Re2 Na3# {0-1 Omichi,H (1071)-Balderas Garza,A (1956) Windsor NAYCC U12 2016 (3.92)}) 19. fxg4 Bxg4 20. Rdg1 (20. Qh2 $18 {Threatens to win with Qh7+.} Bh5 21. exd6 exd6 22. Bd4 (22. Rxd6 Bxc3 23. bxc3 Rxc3 $11)) 20... dxe5 $16 21. Bh6 {[%emt 0:05:14] White is more active.} (21. Bxa7 $2 {loses.} b6 22. Rh4 Be6 23. Rxc4 Bxc4 24. Bxb6 Qxb6 $19) 21... Bf6 22. Bg5 {[%emt 0:01:25] Bxf6 would kill now.} Bg7 {[%emt 0:05:35] Repels Bxf6} 23. Qh2 $36 {[%emt 0:04:27][%mdl 2048] Black must now prevent Qh7+. White is on the roll.} Bh5 24. Kb1 e6 {[%emt 0:03:33] Repels Nd5} 25. Qf2 f5 26. Bc1 ({Resist} 26. Qxa7 $6 Bf3 $16) ({White should play} 26. Bh6 $18 Bxh6 27. Rxh5) 26... a6 (26... Kf8 $16) 27. Nd2 $2 (27. Bh6 $1 $18 Bxh6 28. Rxh5) 27... Rb4 $14 (27... Rxc3 $2 28. bxc3 Qxc3 29. Bb2 Qxc2+ 30. Ka1 $16) 28. Nb3 ({White should try} 28. Rh3 $14) 28... b5 $2 {[%emt 0:00:42] [#]} (28... Rc4 $1 $11 {and Black stays safe.}) 29. Bh6 $1 $18 Rg4 30. Rxg4 Bxg4 31. Bxg7 Kxg7 32. a3 Rh8 (32... Bh5 $142 33. Qe3 Kf7) 33. Rxh8 Kxh8 34. Nc5 {[%emt 0:00:06] Strongly threatening Qh4+.} Qd6 35. Qh2+ (35. Qh4+ $16 Kg7 36. b4) 35... Kg7 $1 $14 36. Nd3 Kf6 (36... f4 $11 {and Black is okay.}) 37. Nxe5 Qd4 (37... Bh5 $18) 38. Qh8+ {[%emt 0:00:11] Weighted Error Value: White=0.30/Black=0.62} 1-0

[Event "35th Roquetas Festival 2024"]
[Site "Roquetas de Mar"]
[Date "2024.01.02"]
[Round "1.4"]
[White "Diaz Mino, Daniel"]
[Black "Sosa, Tomas"]
[Result "0-1"]
[ECO "B31"]
[WhiteElo "2074"]
[BlackElo "2554"]
[Annotator "TA"]
[PlyCount "72"]
[EventDate "2024.01.02"]
[EventType "swiss"]
[EventCountry "ESP"]
[SourceTitle "playchess.com"]
[Source "ChessBase"]
[SourceQuality "1"]
[TimeControl "5400+30"]

1. e4 c5 2. Nf3 Nc6 3. Bb5 g6 4. Bxc6 bxc6 5. O-O Bg7 6. Re1 f6 7. c3 Nh6 8. d4 cxd4 9. cxd4 O-O 10. Nc3 Rb8 11. h3 d6 12. b3 Nf7 {[%emt 0:03:25] B31: Sicilian: 2...Nc6 3 Bb5 g6.} 13. Qc2 Qa5 14. Bb2 Qh5 {[%emt 0:00:22][%cal Oc8h3] [#] The position is equal.} 15. Ne2 $146 ({Predecessor:} 15. Qd3 g5 16. Nh2 Qg6 17. Rad1 h5 18. Ne2 f5 19. exf5 Bxf5 20. Qe3 g4 21. hxg4 hxg4 {1-0 Jeran,B (2236)-De Abreu,R (2110) PRO League Eastern rapid 2017 (4)}) 15... Bd7 16. Ng3 Qb5 17. Rad1 Rfc8 {[%emt 0:07:22] [#]} (17... Rfe8 $11 {remains equal.}) 18. e5 $1 $16 {[%emt 0:01:38] aiming for e6.} Qd5 (18... Be8 19. h4) 19. Qe4 (19. Qe2 $16 {e6 would be deadly.} Be8 20. Ne4) 19... Qxe4 20. Nxe4 fxe5 21. dxe5 Bf5 22. Ng3 e6 23. Re2 {[%emt 0:03:47] And now Nxf5 would win.} d5 24. Nxf5 gxf5 25. Nd4 (25. Rd4 $14) 25... Nd8 $1 $11 26. f4 c5 27. Nf3 Bh6 (27... a5 $5 ) 28. g3 a5 29. Rc2 {[%emt 0:05:48] [#]} a4 $1 30. Nd2 (30. bxa4 Ra8) 30... Bf8 31. Ba3 (31. bxa4 $17 Ra8 32. Bc3) 31... Nc6 {[%emt 0:00:17][%cal Bd8c6,Bc6d4,Bd4b5,Bb5c3][%mdl 32] White must now prevent ...Nd4.} 32. Rc3 $2 {[%emt 0:01:56][%mdl 8192] This costs White the game.} (32. bxa4 $17 Ra8 33. Nb3 (33. Bxc5 $2 {is the wrong capture.} Nd4 $19)) 32... Nd4 $19 {[%emt 0:00:31] ...Ne2+ is the strong threat. Black is clearly winning.} 33. Kf2 {[%emt 0:00:02] Prevents Ne2.} Nb5 34. Bb2 Nxc3 35. Bxc3 axb3 36. axb3 Ra8 {[%emt 0:00:04] Weighted Error Value: White=0.35/Black=0.10 (very precise)} 0-1

[Event "35th Roquetas Festival 2024"]
[Site "Roquetas de Mar"]
[Date "2024.01.02"]
[Round "1.5"]
[White "Stremavicius, Titas"]
[Black "Gomez Arce, Alejandro"]
[Result "1-0"]
[ECO "A46"]
[WhiteElo "2543"]
[BlackElo "2074"]
[Annotator "TA"]
[PlyCount "73"]
[EventDate "2024.01.02"]
[EventType "swiss"]
[EventCountry "ESP"]
[SourceTitle "playchess.com"]
[Source "ChessBase"]
[SourceQuality "1"]
[TimeControl "5400+30"]

1. d4 Nf6 2. Nf3 d5 3. g3 c5 4. Bg2 e6 5. O-O h6 6. b3 {[%emt 0:00:53] D02: 1 d4 d5 2 Nf3 sidelines, including 2...Nf6 3 g3 and 2...Nf6 3 Bf4.} cxd4 7. Nxd4 Bc5 8. Bb2 {[%emt 0:00:45] White is slightly better.} O-O 9. c4 e5 {[%emt 0:01:53] Dodges e3} 10. Nf3 e4 11. Nd4 Nc6 12. cxd5 Qxd5 13. Nxc6 Qxc6 14. Nd2 Rd8 {[%emt 0:30:34] Hoping for ...Bb4.} 15. Rc1 {[%emt 0:12:02] Strongly threatening Bxf6.} Qb6 {[%emt 0:02:40] ...e3 would be deadly.} 16. Bxf6 (16. Bxe4 $2 {too greedy.} Nxe4 17. Nxe4 Rxd1 $19) 16... gxf6 {[%emt 0:01:58] [#]} 17. e3 $146 {[%emt 0:09:53] White is weak on the dark squares} (17. Bxe4 $14 Bh3 18. Qc2) ({Predecessor:} 17. Bxe4 Bh3 18. Bd3 Rac8 19. Rc4 f5 20. Nf3 Bxf1 21. Qxf1 Bd4 22. Ra4 Rc3 23. Bxf5 Kf8 24. Nxd4 Rxd4 25. Qe1 {½-½ Szczepanski,Z (2395)-Kahl,F (2412) ST-2021-0-00203}) 17... Bb4 $11 18. Rxc8 {[%emt 0:00:33][%mdl 64] Remove Defender, Decoy} Raxc8 19. Qg4+ Kh8 20. Nxe4 Bf8 21. Bh3 Rc7 22. Qf4 Bg7 23. Bf5 Re7 24. Rc1 {[%emt 0:01:26][%mdl 1024] White has compensation.} Qa5 25. Rc2 (25. Rc5 $5 Qb6 26. Rc4 $14) 25... Re5 26. g4 Qb5 27. Kg2 h5 {[%emt 0:01:23] [#]} 28. h3 ({White should try} 28. Nxf6 $1 $18 {White wants to mate with Qg5.} hxg4 29. Bd7) 28... h4 $2 {[%emt 0:01:16][%mdl 8192] [#]} (28... hxg4 $14 29. Bxg4 (29. hxg4 Kg8 $14) 29... Qd5) 29. Nxf6 $1 $18 {[%emt 0:04:53][%cal Og4g5][%mdl 576] g5! would kill now. Decoy. White is clearly winning.} Rxf5 30. gxf5 Bxf6 31. Qh6+ Kg8 {[%emt 0:00:03] ...Qd5+ is the strong threat.} 32. Qxf6 Qd5+ 33. Kh2 Qd6+ 34. Qxd6 Rxd6 35. Kg2 Kg7 36. Kf3 Kf6 37. Kf4 {[%emt 0:00:11] Excellently played by Stremavicius!   Weighted Error Value: White=0.12 (very precise) /Black=0.39} 1-0

[Event "35th Roquetas Festival 2024"]
[Site "Roquetas de Mar"]
[Date "2024.01.02"]
[Round "1.6"]
[White "Maldonado Mena, German"]
[Black "Fernandez, Daniel Howard"]
[Result "0-1"]
[ECO "E34"]
[WhiteElo "2074"]
[BlackElo "2525"]
[Annotator "TA"]
[PlyCount "107"]
[EventDate "2024.01.02"]
[EventType "swiss"]
[EventCountry "ESP"]
[SourceTitle "playchess.com"]
[Source "ChessBase"]
[SourceQuality "1"]
[TimeControl "5400+30"]

1. d4 Nf6 2. c4 e6 3. Nc3 Bb4 4. Qc2 d5 5. cxd5 Qxd5 6. e3 O-O {[%emt 0:04:01] E34: Nimzo-Indian: Classical: 4...d5.} 7. Bd2 Qh5 {[%emt 0:00:47] [#]} 8. Be2 $146 ({Predecessor:} 8. Nge2 Bd6 9. f4 Nc6 10. e4 Be7 11. a3 Ng4 12. g3 Rd8 13. h3 Nf6 14. Qd3 Nxd4 15. Nxd4 {½-½ Veinberg,N (2393)-Iliaguev,N (2388) ISR-chT Israel 2021 (11.4)}) 8... Qg6 {[%emt 0:00:05] White is slightly better.} 9. Qxg6 hxg6 10. Ne4 {[%emt 0:13:04][%mdl 64] [#] Discovered Attack} a5 11. Nxf6+ gxf6 12. Nf3 Bd7 13. h4 Bc6 14. h5 gxh5 15. a3 Bxd2+ 16. Kxd2 Kg7 17. Rxh5 Rh8 18. Rxh8 Kxh8 19. Rc1 Kg7 20. g4 a4 21. g5 (21. Ne1 $14) 21... Nd7 $11 22. gxf6+ Kxf6 23. Ne1 Ke7 24. Nd3 Kd6 25. Nb4 Bd5 26. Nd3 c6 27. f3 Rh8 28. e4 Bb3 29. Rc3 e5 30. dxe5+ Nxe5 31. Nc1 (31. Nc5 $5 ) 31... Be6 32. f4 Nd7 33. f5 Bb3 34. Nxb3 axb3 35. Rxb3 {[%emt 0:00:06][%mdl 4096] Endgame KRB-KRN} Nc5 36. Rb4 Ke5 {[%mdl 1024] Black has compensation.} 37. Ke3 b5 38. Bf3 Rh2 39. b3 $2 (39. Be2 $11) 39... Ra2 $2 (39... Rh3 $19 40. Kf2 Nd3+ 41. Kg2 Rh8) 40. a4 bxa4 41. bxa4 Ra3+ 42. Ke2 Nxa4 43. Rc4 c5 44. Kf2 Kf4 45. Be2 Nc3 46. e5+ (46. Bf3 $11) 46... Ne4+ $19 {[%emt 0:00:18] Black is clearly winning.} (46... Kxf5 47. Bd3+ Kxe5 48. Rxc5+ Kd4 49. Rf5 $15) 47. Kg1 Kxe5 (47... Ra1+ $142 48. Bf1 Kxf5) 48. Bh5 f6 {[%emt 0:00:23] [#] ...Rg3+ would be deadly.} ({Worse is} 48... Kxf5 49. Bxf7 Ke5 50. Be8 $17) 49. Bg6 Rc3 50. Ra4 c4 {[%emt 0:01:09][%cal Bc5c4,Bc4c3][%mdl 32] Strongly threatening ...Rg3+.} 51. Bf7 Rc1+ ({Not} 51... Kxf5 52. Rxc4 Rg3+ 53. Kh2 $17) 52. Kg2 c3 ({Stronger than} 52... Kxf5 53. Rxc4 Re1 54. Bg8 $15) 53. Bb3 Nc5 54. Ra5 {[%emt 0:00:19] Weighted Error Value: White=0.65/Black=0.24 (precise)} 0-1

[Event "35th Roquetas Festival 2024"]
[Site "Roquetas de Mar"]
[Date "2024.01.02"]
[Round "1.7"]
[White "Cuenca Jimenez, Jose Fernando"]
[Black "Castillo Rodriguez, Angel Luis"]
[Result "1/2-1/2"]
[ECO "E18"]
[WhiteElo "2514"]
[BlackElo "2055"]
[Annotator "TA"]
[PlyCount "61"]
[EventDate "2024.01.02"]
[EventType "swiss"]
[EventCountry "ESP"]
[SourceTitle "playchess.com"]
[Source "ChessBase"]
[SourceQuality "1"]
[TimeControl "5400+30"]

1. d4 Nf6 2. c4 e6 3. Nf3 b6 4. g3 Bb7 5. Bg2 Be7 6. O-O O-O 7. Nc3 Ne4 8. Bd2 d6 9. Qc2 Nxc3 10. Bxc3 {[%emt 0:00:59][%cal Of3g5] Ng5! would be deadly.} f5 11. Ne1 Bxg2 {[%emt 0:00:34] White is slightly better.} 12. Nxg2 Qe8 13. e4 Qf7 14. Rae1 Bg5 15. f4 Bf6 16. e5 dxe5 (16... Be7 $16) 17. fxe5 $18 (17. dxe5 $6 Be7 $11) 17... Bg5 {[%emt 0:00:13] [#]} 18. d5 Qe7 $16 19. dxe6 (19. Bd2 {simplifies} Bxd2 20. Qxd2 Na6 21. Nf4) 19... g6 {[%emt 0:02:46] [#]} (19... Qc5+ $16 20. Kh1 Qxc4) 20. g4 $1 fxg4 (20... f4 21. Qe4) 21. Qe4 {[%emt 0:12:33][%csl LRa8,LRg4] Active counter play!} Na6 22. Qxg4 Rae8 $2 {[%emt 0:10:25] [#]} (22... Rxf1+ $16 {is a better defense.} 23. Rxf1 Rf8) 23. Rf7 $1 Rxf7 24. exf7+ Kxf7 {[%emt 0:00:13] [#]} 25. e6+ ({Resist} 25. h4 Bh6 $14) ({White should try} 25. b4 $1 $16 Kg8 26. Rd1) 25... Kg8 $11 26. Rf1 {[%emt 0:00:14] And now Rf7 would win.} ({Much worse is} 26. Qd4 Qc5 $17) 26... Bh6 27. Qh3 ({Much weaker is} 27. Qd4 Qc5 28. Nf4 c6 $17) 27... Qc5+ 28. Kh1 Qxc4 29. Rf6 {[%emt 0:07:58] [#]} (29. Kg1 $1 $11 Bf8 30. Rf7) 29... Rf8 $1 $19 {[%emt 0:05:05][%cal Oc4f1] ( -> ...Qf1+!)} 30. Rxf8+ (30. Ne1 Qe4+) 30... Bxf8 31. Qf3 {[%emt 0:00:45] Prevents Qf1+. Quite a comeback for Black.   Weighted Error Value: White=0.33/Black=0.25 (precise)} 1/2-1/2

[Event "35th Roquetas Festival 2024"]
[Site "Roquetas de Mar"]
[Date "2024.01.02"]
[Round "1.9"]
[White "Korneev, Oleg"]
[Black "Lazaro Azcutia, Miguel"]
[Result "1-0"]
[ECO "C89"]
[WhiteElo "2474"]
[BlackElo "2044"]
[Annotator "TA"]
[PlyCount "88"]
[EventDate "2024.01.02"]
[EventType "swiss"]
[EventCountry "ESP"]
[SourceTitle "playchess.com"]
[Source "ChessBase"]
[SourceQuality "1"]
[TimeControl "5400+30"]

1. e4 e5 2. Nf3 Nc6 3. Bb5 a6 4. Ba4 Nf6 5. O-O Be7 6. Re1 b5 7. Bb3 O-O 8. c3 {[%emt 0:00:12] 8.a4 is more fashionable.} d5 9. d4 exd4 10. e5 {[%emt 0:00:03] C89: Closed Ruy Lopez: Marshall Attack.} Ne4 11. cxd4 Bf5 12. Nc3 {[%emt 0:00:07] The position is equal.} Nxc3 13. bxc3 Qd7 {[%emt 0:03:27] is the legacy move (13...Na5).} 14. Bg5 Bxg5 15. Nxg5 h6 16. Nf3 Na5 17. Nh4 Bh7 (17... Nxb3 $11 18. axb3 a5) 18. Bc2 $14 Bxc2 19. Qxc2 Nc4 20. f4 Qg4 {[%emt 0:23:02] Wards off f5} 21. Qf2 {[%emt 0:03:55] White stays focused until the end.} f5 {[%emt 0:02:13] [#]} 22. h3 $146 ({Predecessor:} 22. Rad1 a5 23. Rd3 Ra6 24. Rg3 Qh5 25. e6 Nd6 26. e7 Re8 27. Rg6 {0-1 Ari,Z (2192)-Haznedaroglu,K (2451) TUR-chT Kocaeli 2015 (12.7)}) 22... Qh5 23. Kh2 Rab8 ({Black should play} 23... Nd2) 24. Re2 $16 b4 (24... Kh7 $142 25. Rg1 g5 26. fxg5 Qxg5) 25. cxb4 $18 {[%emt 0:00:08] Threatens to win with Rg1.} Rxb4 {[%emt 0:00:06] [#]} 26. Rg1 $1 {[%emt 0:00:20][%cal Ba1g1,Bg1g2,Bg2e2][%mdl 32] Hoping for g4.} Rfb8 27. g4 fxg4 28. hxg4 Qe8 29. Qf3 {[%emt 0:14:43] g5 is the strong threat.} c6 (29... Qc6 $142 30. f5 Rb2) 30. f5 Rb2 31. Rgg2 Qd8 {[%emt 0:01:36] Repels g5} (31... Rxe2 {keeps fighting.} 32. Rxe2 Qf8) 32. f6 gxf6 33. Qf5 {[%emt 0:01:30] And now Qg6+ would win.} Rxe2 34. Qg6+ Kh8 35. Rxe2 fxe5 36. Qxh6+ Kg8 37. Rf2 {[%emt 0:02:47] White threatens Qg6+ and mate. White is clearly winning.} Rb7 38. Qe6+ (38. Qxc6 Qxh4+ 39. Kg2 Qxg4+ 40. Kh1 Qh3+ 41. Kg1 Rb1+) 38... Kg7 39. Kg3 {[%emt 0:03:37] Intending Nf5+ and mate.} (39. Qxc6 {gets mated.} Qxh4+ 40. Kg2 Ne3+ 41. Kf3 Qxg4+ 42. Kxe3 Qe4+ 43. Kd2 Rb2+ 44. Kd1 Qh1+) 39... Nd6 {[%emt 0:01:45] [#]} 40. Qxd6 $3 {[%emt 0:02:05][%mdl 576] Remove Defender, Decoy} Qxd6 41. Nf5+ Kg6 42. Nxd6 Re7 43. Nf5 Re8 (43... Re6 $142 44. dxe5 Rxe5) 44. Rc2 exd4 {[%emt 0:00:51] Weighted Error Value: White=0.17 (very precise) /Black=0.37} 1-0